 Dungeon Crawl Stone Soup version 0.20-a0-148-gb6cfb21 (webtiles) character file.

27052 McCoppin the Slinger (level 13, 96/96 HPs)
             Began as a Halfling Hunter on Nov 22, 2016.
             Was a High Priest of Ashenzari.
             Quit the game on level 5 of the Lair of Beasts.
             The game lasted 00:53:49 (16836 turns).

McCoppin the Slinger (Halfling Hunter)             Turns: 16836, Time: 00:53:50

Health: 96/96      AC: 12    Str: 16    XL:     13   Next: 62%
Magic:  13/13      EV: 23    Int:  9    God:    Ashenzari [*****.]
Gold:   970        SH:  8    Dex: 20    Spells: 12/12 levels left

rFire  . . .     SeeInvis +     a - +1 hunting sling (curse)
rCold  . . .     Gourm    .     M - +1 scale mail {rPois}
rNeg   . . .     Faith    .     u - +0 buckler (curse)
rPois  +         Spirit   .     (no helmet)
rElec  .         Reflect  .     q - +2 cloak (curse)
rCorr  .         Harm     .     (no gloves)
MR     .....     Clarity  +     (no boots)
Stlth  ++++......               w - amulet of regeneration (curse)
                                S - +2 ring of evasion
                                h - +3 ring of dexterity (curse)

@: no status effects
A: repulsion field 1, mutation resistance 1
a: Curse Item, Scrying, Transfer Knowledge, Renounce Religion


You were on level 5 of the Lair of Beasts.
You worshipped Ashenzari.
Ashenzari was extremely pleased with you.
You were very hungry.

You visited 3 branches of the dungeon, and saw 16 of its levels.

You collected 970 gold pieces.

Inventory:

Hand Weapons
 a - a cursed +1 hunting sling (weapon)
 b - a +0 short sword
Missiles
 d - 6 sling bullets
 e - 15 stones (quivered)
 L - 4 tomahawks
Armour
 c - a +0 leather armour
 q - a cursed +2 cloak (worn)
 u - a cursed +0 buckler (worn)
 M - a +1 scale mail of poison resistance (worn)
Jewellery
 h - a cursed +3 ring of dexterity (left hand)
 t - a +4 ring of intelligence
 w - a cursed amulet of regeneration (around neck)
 P - an uncursed amulet of the gourmand
 S - a +2 ring of evasion (right hand)
Wands
 B - a wand of disintegration (4/24)
 I - a wand of disintegration (7/24)
 J - a wand of slowing (32/48)
 K - a wand of confusion (15/48)
 Q - a wand of acid (3/15)
 T - a wand of lightning (6/15)
 U - a wand of slowing (24/48)
 V - a wand of digging (20/24)
 X - a wand of confusion (22/48)
Scrolls
 g - a scroll of fog {unknown}
 j - a scroll of recharging
 m - 2 scrolls of amnesia {unknown}
 r - 3 scrolls of immolation {unknown}
 s - 2 scrolls of magic mapping
 v - 3 scrolls of teleportation
 y - a scroll of vulnerability {unknown}
 D - a scroll of holy word {unknown}
 F - 2 scrolls of remove curse
 G - a scroll of blinking {unknown}
 H - 2 scrolls of enchant weapon {unknown}
 O - a scroll of enchant armour {unknown}
 W - a scroll of torment {unknown}
Potions
 k - a potion of invisibility
 l - 4 potions of mutation
 p - 2 potions of berserk rage
 x - 2 potions of cancellation
 A - a potion of lignification
 C - a potion of haste
 N - 2 potions of curing
 R - a potion of heal wounds
 Y - a potion of cure mutation {unknown}
 Z - a potion of agility
Comestibles
 f - 5 bread rations
 i - 11 meat rations
 n - a beef jerky
 o - 12 royal jellies
 z - 15 fruits


   Skills:
 + Level 11.9 Fighting
 - Level 14.2(17.7) Slings
 - Level 7.4 Armour
 + Level 9.9 Dodging
 + Level 10.5 Stealth
 - Level 6.3(9.0) Shields


You had 12 spell levels left.
You didn't know any spells.

Dungeon Overview and Level Annotations

Branches:
Dungeon (10/15)            Temple (1/1) D:5            Lair (5/6) D:8
 Shoals (0/4) Lair:4        Snake (0/4) Lair:2
  Slime: Lair:5-6       Orc: D:9-12

Altars:
Ashenzari
Cheibriados
Dithmenos
Elyvilon
Fedhas
Gozag
Hepliaklqana
Kikubaaqudgha
Makhleb
Nemelex Xobeh
Okawaru
Ru
Sif Muna
Trog
Uskayaw
Vehumet
Xom
Yredelemnul
The Shining One

Annotations:
D:6 Prince Ribbit


Innate Abilities, Weirdness & Mutations

You are small and have problems with some larger weapons.
You are somewhat resistant to further mutation.
You are surrounded by a mild repulsion field. (EV +2)


Message History

Aim: a soldier ant (almost dead)
You shoot a sling bullet. The sling bullet hits the soldier ant!
You kill the soldier ant!
No target in view!
No target in view!
No target in view!
No target in view!
No target in view!
No target in view!
No target in view!
e - 5 stones
e - 12 stones (gained 7)
e - 13 stones (gained 1)
e - 14 stones (gained 1)
e - 15 stones (gained 1)
A soldier ant and an entropy weaver come into view.
Things that are here:
6 sling bullets; 13 stones
Okay, then.
Are you sure you want to abandon this character and quit the game? (Confirm with "yes".) ..#...#....<.##.+##.†.....# .##...#......###.####.....# ......###.#..###.# ##...### ..##.##*######.#####....P# ...### , .((...####.†..^## .### , {.#(.....#.#....# .#* {{{{

.(...((..##....## ,*
,,.#?.#(...###....# , ,
#.#..#(@........# ,
,,#(..(......#.....# , ,
a#..(..(.........# * *,
.$...(.#...##...## , , ,
.#..(....##.....# *,,
,a......#.###....## ,
,,.#.#..(.##.>.....# ##
, ,
*#######..###P...#####.#
** , #######....##.#.#


There were no monsters in sight!

Vanquished Creatures
  Josephine (Lair:4)
  2 hydras
  A queen ant (Lair:5)
  A guardian serpent (Lair:2)
  8 spiny frogs
  A rime drake (Lair:5)
  6 komodo dragons
  2 trolls (D:9)
  2 two-headed ogres
  A hornet (D:8)
  9 blink frogs
  5 hippogriffs
  A wyvern (Lair:2)
  2 basilisks
  34 yaks
  4 wraiths (Lair:4)
  A hungry ghost (D:5)
  The ghost of McCoppin the Vandal, an amateur HaHu of Xom (D:4)
  Menkaure (D:6)
  12 soldier ants (Lair:5)
  Duvessa (D:6)
  8 porcupines
  11 water moccasins
  4 ice beasts
  6 necrophages (Lair:3)
  A black bear (D:7)
  5 orc warriors
  5 ogres
  4 wolves
  6 centaurs (D:9)
  2 phantoms
  Blork the orc (D:4)
  10 crocodiles
  6 bullfrogs
  2 wyvern zombies (D:10)
  Dowan (D:6)
  2 scorpions
  6 killer bees
  8 wights
  An electric eel (D:10)
  A bullfrog zombie (D:5)
  A centaur zombie (D:10)
  2 crimson imps (D:7)
  4 jellies (D:8)
  8 orc priests
  A hound (D:8)
  11 orc wizards
  Crazy Yiuf (D:4)
  A centaur skeleton (D:10)
  2 iguanas
  Terence (D:2)
  6 hell rats (Lair:3)
  20 worker ants
  A killer bee zombie (D:8)
  A centaur simulacrum (D:10)
  3 worker ant zombies
  3 gnolls (D:7)
  6 adders
  2 shadow imps
  6 white imps (D:10)
  An ufetubus (D:10)
  6 oozes
  An adder skeleton (D:6)
  5 worms
  2 dart slugs
  5 leopard geckos
  46 orcs
  4 bats
  4 giant cockroaches
  9 hobgoblins
  17 jackals
  6 kobolds
  A quokka (D:7)
  2 ball pythons
  2 ball python skeletons (D:4)
  8 frilled lizards
  12 goblins
  2 leopard gecko zombies
  A quokka zombie (D:7)
  9 rats
  A fungus (D:4)
410 creatures vanquished.

Vanquished Creatures (others)
  2 bushes (Lair:3)
  5 fungi
  4 plants
11 creatures vanquished.

Grand Total: 421 creatures vanquished

Notes
Turn   | Place    | Note
-------+----------+-------------------------------------------
     0 | D:1      | McCoppin the Halfling Hunter began the quest for the Orb.
     0 | D:1      | Reached XP level 1. HP: 14/14 MP: 1/1
    69 | D:1      | Reached skill level 6 in Slings
    69 | D:1      | Reached XP level 2. HP: 19/19 MP: 2/2
   299 | D:1      | Reached XP level 3. HP: 23/24 MP: 3/3
   825 | D:2      | Reached XP level 4. HP: 30/30 MP: 4/4
  1028 | D:2      | Noticed Terence
  1067 | D:2      | Killed Terence
  1067 | D:2      | Reached skill level 7 in Slings
  1164 | D:3      | Reached XP level 5. HP: 33/36 MP: 5/5
  1231 | D:3      | Reached skill level 1 in Shields
  1515 | D:3      | Found a snail-covered altar of Cheibriados.
  1523 | D:3      | Reached XP level 6. HP: 25/42 MP: 6/6
  1797 | D:4      | Noticed McCoppin's ghost (amateur HaHu)
  1820 | D:4      | Killed McCoppin's ghost
  1820 | D:4      | Reached skill level 8 in Slings
  1882 | D:4      | Noticed an ogre
  1931 | D:4      | Noticed Blork the orc
  1963 | D:4      | Killed an ogre
  1963 | D:4      | Reached XP level 7. HP: 47/47 MP: 7/7
  1996 | D:4      | Killed Blork the orc
  2280 | D:4      | Found a sparkling altar of Nemelex Xobeh.
  2375 | D:4      | Found a runed door.
  2379 | D:4      | Noticed Crazy Yiuf
  2385 | D:4      | Killed Crazy Yiuf
  2527 | D:5      | Entered Level 5 of the Dungeon
  2527 | D:5      | Found a staircase to the Ecumenical Temple.
  2536 | Temple   | Entered the Ecumenical Temple
  2715 | Temple   | Became a worshipper of Ashenzari the Shackled
  2790 | D:5      | Reached skill level 9 in Slings
  2951 | D:5      | Reached XP level 8. HP: 47/54 MP: 8/8
  2952 | D:5      | Found a blossoming altar of Fedhas.
  2952 | D:5      | Found an ancient bone altar of Kikubaaqudgha.
  3194 | D:5      | Reached skill level 5 in Fighting
  3194 | D:5      | Reached skill level 5 in Shields
  3326 | D:5      | Found a sparkling altar of Nemelex Xobeh.
  3408 | D:6      | Noticed a two-headed ogre
  3482 | D:6      | Reached skill level 10 in Slings
  3518 | D:6      | Noticed Menkaure
  3527 | D:6      | Killed Menkaure
  3529 | D:6      | Noticed Dowan
  3586 | D:6      | Found a glowing golden altar of the Shining One.
  3625 | D:6      | Killed a two-headed ogre
  3625 | D:6      | Reached XP level 9. HP: 62/62 MP: 9/9
  3689 | D:6      | Noticed Duvessa
  3710 | D:6      | Killed Duvessa
  3840 | D:6      | Found a white marble altar of Elyvilon.
  3847 | D:6      | Killed Dowan
  3906 | D:6      | Reached * piety under Ashenzari
  3967 | D:6      | Reached skill level 11 in Slings
  4029 | D:6      | Noticed Prince Ribbit
  4039 | D:6      | Gained mutation: You are surrounded by a mild repulsion field. (EV +2) [potion of mutation]
  5439 | D:7      | Reached skill level 5 in Dodging
  5520 | D:7      | Reached XP level 10. HP: 71/71 MP: 10/10
  5953 | D:7      | Reached skill level 12 in Slings
  6164 | D:7      | Noticed a rust devil
  6164 | D:7      | Noticed a rust devil
  6651 | D:8      | Found a staircase to the Lair.
  7018 | D:8      | Reached ** piety under Ashenzari
  7744 | D:9      | Reached skill level 1 in Armour
  7752 | D:9      | Reached skill level 13 in Slings
  8337 | D:9      | Found a deep blue altar of Sif Muna.
  8787 | D:10     | Entered Level 10 of the Dungeon
  9013 | D:10     | Reached XP level 11. HP: 78/78 MP: 11/11
  9539 | D:10     | Reached skill level 14 in Slings
  9565 | D:10     | Reached skill level 5 in Armour
  9881 | D:10     | Reached *** piety under Ashenzari
 10508 | Lair:1   | Entered Level 1 of the Lair of Beasts
 10698 | Lair:1   | Reached skill level 5 in Stealth
 11080 | Lair:1   | Reached XP level 12. HP: 75/87 MP: 12/12
 11220 | Lair:1   | Reached skill level 10 in Fighting
 12269 | Lair:2   | Reached **** piety under Ashenzari
 12422 | Lair:2   | Found a staircase to the Snake Pit.
 12511 | Lair:2   | Noticed a five-headed hydra
 12524 | Lair:2   | Killed a five-headed hydra
 13132 | Lair:3   | Found a shadowy altar of Dithmenos.
 13924 | Lair:3   | Reached XP level 13. HP: 76/95 MP: 13/13
 14409 | Lair:4   | Found a staircase to the Shoals.
 14504 | Lair:4   | Reached ***** piety under Ashenzari
 14834 | Lair:4   | Noticed a five-headed hydra
 14850 | Lair:4   | Killed a five-headed hydra
 15008 | Lair:4   | Noticed Josephine
 15135 | Lair:4   | Killed Josephine
 15374 | Lair:4   | Reached skill level 10 in Stealth
 15884 | Lair:5   | Noticed an entropy weaver
 16834 | Lair:5   | Noticed an entropy weaver
 16836 | Lair:5   | Quit the game

Vault maps used:
D:1:      dpeg_arrival_morbid_curiosity
D:2:      first_bread, uniq_terence
D:3:      kennysheep_slug_shrine, corexii_item_surrounded_by_moat
D:4:      lemuel_round_altar, hangedman_minor_gate_pass,
          uniq_crazy_yiuf_cottage, uniq_blork_the_orc
D:5:      grunt_temple_overflow_growth_and_decay, grunt_nemelex_the_gamble
D:6:      tso_metal_star, basic_altar, uniq_prince_ribbit1, uniq_duvessa,
          uniq_menkaure
D:7:      cheibrodos_iron_armory
D:8:      grunt_lair_entry_orc_guard_hut, hangedman_little_slice_of_home,
          corner_web_ring
D:9:      led_sif_book, nicolae_overflow_hidden_temple, centaur_isle
D:10:     serial_ice, serial_ice_l, serial_ice_b, serial_ice_g, serial_ice_f
Temple:   nicolae_temple_figure_eight
Lair:1:   serial_bayou_shore_b
Lair:2:   minmay_snake_entry_spellcaster, grunt_megastairs_3
Lair:3:   basic_altar, roderic_carrion_pond, serial_bayou_shore_b,
          lemuel_fruit_tree
Lair:4:   elwin_shoals_entry_rocks, uniq_josephine
Lair:5:   beast_lair_carwin_large_2, zaba_anthell

Skill      XL: |  1  2  3  4  5  6  7  8  9 10 11 12 13 |
---------------+----------------------------------------+-----
Fighting       | 2 3 4 5 7 8 9 11 | 11.9
Slings         | 6 7 8 9 10 11 13 14 | 14.2
Stealth        | 2 5 8 10 | 10.5
Shields        | 2 3 4 6 |  6.3
Dodging        | 5 6 8 9 |  9.9
Armour         | 3 6 7 |  7.4

Action                   |  1- 3 |  4- 6 |  7- 9 | 10-12 | 13-15 || total
-------------------------+-------+-------+-------+-------+-------++-------
 Fire: Hunting sling     |   108 |   221 |   601 |  1812 |   748 ||  3490
Throw: Tomahawk          |       |       |     1 |       |     4 ||     5
Invok: Curse Item        |       |       |     2 |     2 |     1 ||     5
       Scrying           |       |       |       |     1 |       ||     1
Evoke: Wand              |       |       |       |       |     4 ||     4
  Use: Scroll            |       |       |     2 |     6 |     3 ||    11
       Potion            |       |       |     2 |     5 |     1 ||     8
  Eat: Chunk             |       |     3 |     7 |    15 |     3 ||    28
       Bread ration      |       |       |     1 |     1 |     1 ||     3
       Fruit             |       |       |       |     2 |       ||     2
       Pizza             |       |       |       |     1 |       ||     1
Armor: Leather armour    |     3 |    14 |    19 |       |       ||    36
       Scale mail        |       |       |    10 |   106 |    49 ||   165
Dodge: Dodged            |    21 |    27 |   116 |   457 |   210 ||   831
Block: Buckler           |       |    11 |    61 |   227 |   125 ||   424
